 Dungeon Crawl Stone Soup version 0.30.0-11-gf55b779eaf (webtiles) character file.

Game seed: 4248147721706901654

21 Spectrina the Trooper (level 3, -1/30 HPs)
             Began as a Human Monk on May 16, 2023.
             Succumbed to an adder's poison
             ... on level 3 of the Dungeon.
             The game lasted 00:01:48 (156 turns).

Spectrina the Trooper (Human Monk)                   Turns: 156, Time: 00:01:48

Health: -1/30      AC:  2    Str: 11    XL:     3   Next: 2%
Magic:  3/3        EV: 13    Int: 10    God:
Gold:   34         SH:  0    Dex: 17    Spells: 2/2 levels left

rFire   . . .        c - +3 short sword
rCold   . . .        d - orb {light}
rNeg    . . .        b - +0 robe
rPois   .            (no helmet)
rElec   .            (no cloak)
rCorr   .            (no gloves)
SInv    .            (no boots)
Will    .....        (no amulet)
Stlth   +            (no ring)
HPRegen 0.25/turn    (no ring)
MPRegen 0.08/turn

%: no passive effects
@: mighty, lethally poisoned (-1 -> -9), flying, glowing
A: no striking features
a: no special abilities


You were on level 3 of the Dungeon.
You visited 1 branch of the dungeon, and saw 3 of its levels.

You collected 34 gold pieces.

Inventory:

Hand Weapons
 a - a +0 mace
 c - a +3 short sword (weapon)
Armour
 b - a +0 robe (worn)
 d - an orb of light (worn)
Scrolls
 g - 2 scrolls of identify {unknown}


   Skills:
 + Level 4.0 Fighting
 - Level 3.0 Maces & Flails
 + Level 3.0 Dodging
 + Level 0.0 Stealth


You had 2 spell levels left.
You didn't know any spells.
Your spell library was empty.

Dungeon Overview and Level Annotations

Branches:
Dungeon (3/15)

Altars:


Message History

Your Fighting skill increases to level 4!
You have reached level 3!
Your experience leads to an increase in your attributes!
Increase (S)trength, (I)ntelligence, or (D)exterity?
You feel agile. x2
Unknown command.
Unknown command.
Unknown command.
You see here a hobgoblin corpse.
Found a stone staircase leading down.
A bat comes into view.
There is a stone staircase leading down here.
You puncture the bat!
You kill the bat!
You climb downwards.
The adder hisses angrily.
Found 10 gold pieces.
There is a stone staircase leading up here.
You barely miss the adder. The adder closely misses you.
You barely miss the adder. The adder bites you.
* * * LOW HITPOINT WARNING * * *
You are poisoned.
The adder poisons you!
Unknown command.
It was a potion of might.
You feel very mighty all of a sudden.
* * * LOW HITPOINT WARNING * * *
You feel sick. The adder bites you.
* * * LOW HITPOINT WARNING * * *
You are more poisoned.
The adder poisons you!
You hit the adder.
The adder is moderately wounded.
* * * LOW HITPOINT WARNING * * *
You feel sick. The adder closely misses you. The adder barely misses you.
Unknown command.
It was a potion of flight.
You feel very buoyant.
You fly up into the air.
You die...

.. . ##.#
.. ...#
... #..#
.... ##..#
.....#...#
......S..#
#.@.#
#...#
#...#
#..$#
#...#
#...#
....#
....#


You could see an adder.

Vanquished Creatures
  An adder (D:2)
  A worm (D:2)
  A hobgoblin (D:2)
  A quokka (D:1)
  2 ball pythons
  A bat (D:2)
  2 frilled lizards (D:1)
  A goblin (D:2)
10 creatures vanquished.

Notes
Turn   | Place    | Note
-------+----------+-------------------------------------------
     0 | D:1      | Spectrina the Human Monk began the quest for the Orb.
     0 | D:1      | Reached XP level 1. HP: 18/18 MP: 1/1
   100 | D:2      | Reached XP level 2. HP: 25/25 MP: 2/2
   143 | D:2      | Reached skill level 4 in Fighting
   143 | D:2      | Reached XP level 3. HP: 6/30 MP: 3/3
   155 | D:3      | HP: 1/30 [poisoned by an adder]
   156 | D:3      | Succumbed to an adder's poison

Illustrated notes

Levels and vault maps discovered:
D:1:      denvon_arrival_planthouse, layout_basic, serial_shops,
          nicolae_diamond_shop
D:2:      layout_basic, serial_forest, infiniplex_forest_clump_diagonal,
          infiniplex_forest_clump_curved, infiniplex_forest_lined_4_way,
          infiniplex_forest_clump_diagonal, infiniplex_forest_zigzag_2,
          infiniplex_forest_clump_diagonal, kennysheep_jessica_study
D:3:      layout_basic, lemuel_coloured_pillars_altar, uniq_pargi, uniq_jessica

Skill      XL: |  1  2 |
---------------+-------+-----
Fighting       | 4 |  4.0
Maces & Flails | |  3.0
Dodging        | |  3.0

Action                     || total
---------------------------++-------
  Melee: Mace              ||    18
         Short sword       ||    17
    Use: Potion            ||     3
 Armour: Robe              ||     4
  Dodge: Dodged            ||    18
